 Dungeon Crawl Stone Soup version 0.23.2-1-ga50397a (webtiles) character file.

Game seed: 5561223119734052543

61 xveg the Chiller (level 4, -1/21 HPs)
             Began as a Vine Stalker Ice Elementalist on May 7, 2019.
             Slain by Grinder (5 damage)
             ... on level 3 of the Dungeon.
             The game lasted 00:07:58 (2106 turns).

xveg the Chiller (Vine Stalker Ice Elementalist)    Turns: 2106, Time: 00:07:59

Health: -1/21      AC:  2    Str: 10    XL:     4   Next: 7%
Magic:  0/9        EV: 12    Int: 16    God:
Gold:   164        SH:  0    Dex: 15    Spells: 3/9 levels left

rFire    . . .     SeeInvis .   n - +0 hunting sling
rCold    . . .     Gourm    .   (no shield)
rNeg     . . .     Faith    .   a - +0 robe
rPois    .         Spirit   +   (no helmet)
rElec    .         Reflect  .   (no cloak)
rCorr    .         Harm     .   (no gloves)
MR       .....                  (no boots)
Stlth    ++........             (no amulet)
HPRegen  0.47/turn              (no ring)
MPRegen  0.11/turn              (no ring)

@: no status effects
A: fangs 2, regeneration 1, magic shield, antimagic bite, no potion heal 3, rot
immunity
a: no special abilities


You were on level 3 of the Dungeon.
You were hungry.

You visited 1 branch of the dungeon, and saw 3 of its levels.

You collected 164 gold pieces.

Inventory:

Hand Weapons
 d - a +1 mace
 e - a +1 dagger of speed
 h - a -2 hunting sling
 n - a +0 hunting sling (weapon)
 o - a +0 trident
Missiles
 k - 99 stones (quivered)
Armour
 a - a +0 robe (worn)
Jewellery
 t - an uncursed ring of protection from cold {unknown}
Scrolls
 f - 2 scrolls of identify
 i - a scroll of fear
 j - a scroll of noise
 m - a scroll of enchant weapon
 p - 5 scrolls of remove curse
 r - a scroll of immolation {unknown}
Potions
 b - a potion of curing {unknown}
 g - 2 potions of cancellation {unknown}
 l - a potion of haste {unknown}
 q - a potion of might {unknown}
 s - a potion of degeneration {unknown}
Comestibles
 c - 4 rations


   Skills:
 + Level 0.2 Fighting
 + Level 1.2 Slings
 + Level 1.8 Dodging
 + Level 2.6 Stealth
 + Level 3.2 Spellcasting
 + Level 1.0 Conjurations
 + Level 3.4 Ice Magic


You had 3 spell levels left.
You knew the following spells:

 Your Spells              Type           Power        Failure   Level  Hunger
a - Freeze                Ice            ##..         4%          1    None
b - Throw Frost           Conj/Ice       #.....       11%         2    ##.....
c - Ozocubu's Armour      Chrm/Ice       #.......     26%         3    ###....

Your spell library contained the following spells:

 Spells                   Type           Power        Failure   Level  Hunger
 Throw Icicle             Conj/Ice       #.......     58%         4    ####...
 Summon Ice Beast         Ice/Summ       #.......     65%         4    ####...


Dungeon Overview and Level Annotations

Branches:
Dungeon (3/15)

Altars:
Nemelex Xobeh
Qazlal

Annotations:
D:3 Grinder


Innate Abilities, Weirdness & Mutations

You have extremely sharp teeth.
Your natural rate of healing is unusually fast.
When hurt, damage is shared between your health and your magic reserves.
Your bite disrupts and absorbs the magic of your enemies.
Potions cannot restore your health.
You are immune to rotting.


Message History

Aim: Grinder (lightly wounded)
You shoot a stone. The stone closely misses Grinder.
Grinder gestures at you. Pain shoots through your body!
Firing (i - inventory)
k - 100 stones (quivered)
Press: ? - help, Shift-Dir - straight line, f/p - Grinder
Aim: Grinder (lightly wounded)
You shoot a stone. The stone closely misses Grinder.
Grinder gestures at you. Pain shoots through your body!
* * * LOW HITPOINT WARNING * * *
Casting: Freeze (safe; 4% risk of failure)
Confirm with . or Enter, or press ? or * to list all spells.
Aiming: Freeze (safe; 4% risk of failure)
Press: ? - help, Shift-Dir - straight line, f/p - Grinder
Aim: Grinder (lightly wounded) Grinder resists.
You freeze Grinder.
Grinder is lightly wounded.
Grinder hits you.
You die...

#.### (... #.# ....
###.# ..... ##...#
..... #..##......
......#######..# ......
...(..#.[..##.## ......
...(..5.#.....######.##
#@.......[.....#
###......##### #
...#........#
...............
........###......
......### ...<.. ######
######


You could see Grinder.

Vanquished Creatures
  An adder (D:2)
  An ooze (D:1)
  A worm (D:2)
  2 dart slugs
  A leopard gecko (D:1)
  4 giant cockroaches
  7 goblins
  5 hobgoblins
  8 kobolds
  A ball python (D:3)
  3 bats
  3 frilled lizards (D:1)
  6 rats
43 creatures vanquished.

Notes
Turn   | Place    | Note
-------+----------+-------------------------------------------
     0 | D:1      | xveg the Vine Stalker Ice Elementalist began the quest for
                  | the Orb.
     0 | D:1      | Reached XP level 1. HP: 9/9 MP: 4/4
    91 | D:1      | Reached XP level 2. HP: 6/13 MP: 0/6
   649 | D:1      | Reached XP level 3. HP: 16/16 MP: 8/8
   671 | D:1      | Learned a level 2 spell: Throw Frost
   731 | D:1      | Learned a level 3 spell: Ozocubu's Armour
  1148 | D:2      | Found a stormy altar of Qazlal.
  1150 | D:2      | Noticed a fire elemental
  1150 | D:2      | Noticed an earth elemental
  1151 | D:2      | Noticed a water elemental
  1151 | D:2      | Noticed an air elemental
  1574 | D:2      | Reached skill level 1 in Slings
  1723 | D:2      | Gained mutation: Your natural rate of healing is unusually
                  | fast. [Vine Stalker growth]
  1723 | D:2      | Reached XP level 4. HP: 21/21 MP: 5/9
  2018 | D:3      | Found a sparkling altar of Nemelex Xobeh.
  2094 | D:3      | Noticed Grinder
  2106 | D:3      | Slain by Grinder

Skill      XL: |  1  2  3 |
---------------+----------+-----
Spellcasting   | 3 |  3.2
Slings         | 1 |  1.2
Fighting       | |  0.2
Dodging        | |  1.8
Stealth        | |  2.6
Conjurations   | |  1.0
Ice Magic      | |  3.4

Action                   |  1- 3 |  4- 6 || total
-------------------------+-------+-------++-------
Melee: Mace              |     9 |       ||     9
       Bite              |     3 |       ||     3
       Unarmed           |     1 |       ||     1
 Fire: Hunting sling     |    85 |    12 ||    97
Throw: Stone             |     5 |       ||     5
 Cast: Freeze            |    21 |     4 ||    25
  Use: Scroll            |     6 |       ||     6
  Eat: Chunk             |     2 |     1 ||     3
Armor: Robe              |     8 |       ||     8
Dodge: Dodged            |    27 |       ||    27
